 Dungeon Crawl Stone Soup version 0.30.0-5-g1a98f26d00 (webtiles) character file.

Game seed: 17518643583757746334

310 Jarnaxa the Slasher (level 6, -1/79 HPs)
             Began as a Hill Orc Monk on May 11, 2023.
             Succumbed to a water moccasin's poison
             ... on level 4 of the Dungeon.
             The game lasted 00:05:25 (2170 turns).

Jarnaxa the Slasher (Hill Orc Monk)                 Turns: 2170, Time: 00:05:26

Health: -1/79      AC: 23    Str: 16    XL:     6   Next: 41%
Magic:  6/6        EV: -1    Int: 10    God:
Gold:   109        SH:  0    Dex: 19    Spells: 5/5 levels left

rFire   . . .        a - +1 falchion
rCold   . . .        d - orb {light}
rNeg    . . .        i - melded +0 ring mail
rPois   +            g - melded +1 helmet
rElec   .            (cloak currently unavailable)
rCorr   .            l - melded +0 pair of gloves
SInv    .            (boots currently unavailable)
Will    .....        (no amulet)
Stlth   +            o - +6 ring of dexterity
HPRegen 0.33/turn    (no ring)
MPRegen 0.10/turn

%: no passive effects
@: mighty, brilliant, lethally poisoned (-1 -> -8), tree-form, glowing,
constricted, invisible (but backlit and visible)
A: stationary, stasis, torment immunity, boosted hp
a: no special abilities


You were on level 4 of the Dungeon.
You were a tree.
You visited 1 branch of the dungeon, and saw 4 of its levels.

You collected 135 gold pieces.
You spent 26 gold pieces at shops.

Inventory:

Hand Weapons
 a - a +1 falchion (weapon)
Armour
 d - an orb of light (worn)
 g - a +1 helmet (melded)
 i - a +0 ring mail (melded)
 l - a +0 pair of gloves (melded)
Jewellery
 o - a +6 ring of dexterity (left branch)
 p - an amulet of the acrobat
 r - a ring of flight
Wands
 q - a wand of flame (22)
Scrolls
 h - a scroll of immolation
 j - a scroll of identify
 n - a scroll of amnesia
Potions
 f - 2 potions of attraction


   Skills:
 + Level 4.5 Fighting
 + Level 5.9 Long Blades
 + Level 2.8 Armour
 + Level 3.1 Dodging


You had 5 spell levels left.
You didn't know any spells.
Your spell library contained the following spells:

 Spells                   Type           Power      Damage    Failure   Level
 Frozen Ramparts          Ice            0%         1d1       75%         3
 Tukima's Dance           Hex            0%         N/A       75%         3
 Ice Form                 Ice/Tmut       0%         N/A       98%         4
 Passage of Golubria      Tloc           0%         N/A       98%         4
 Summon Ice Beast         Ice/Summ       0%         N/A       98%         4
 Yara's Violent Unravell  Hex/Tmut       0%         3d3       100%        5


Dungeon Overview and Level Annotations

Branches:
Dungeon (4/15)
 Temple: D:4-7

Altars:
Vehumet

Shops:
D:3 ?


Message History

You cannot move. (Use ctrl+direction or * direction to attack while stationary and confused.)
You cannot move. (Use ctrl+direction or * direction to attack while stationary and confused.)
You cannot move. (Use ctrl+direction or * direction to attack while stationary and confused.)
You swing at nothing.
You feel less invigorated.
You feel less confused.
You feel sick. The water moccasin bites you.
* * * LOW HITPOINT WARNING * * *
The ball python bites you but does no damage.
The ball python constricts you. The water moccasin bites you.
* * * LOW HITPOINT WARNING * * *
You are lethally poisoned!
The water moccasin poisons you!
You barely miss the water moccasin.
The water moccasin is moderately wounded.
* * * LOW HITPOINT WARNING * * *
You feel very sick.
The ball python bites you but does no damage.
The ball python constricts you.
The water moccasin bites you but does no damage.
You slash the water moccasin!
The water moccasin is heavily wounded.
* * * LOW HITPOINT WARNING * * *
You feel very sick.
The water moccasin bites you but does no damage.
The ball python bites you but does no damage.
The ball python constricts you.
* * * LOW HITPOINT WARNING * * *
You closely miss the water moccasin.
The water moccasin is heavily wounded.
* * * LOW HITPOINT WARNING * * *
You feel very sick.
The water moccasin bites you but does no damage.
The ball python bites you but does no damage.
The ball python constricts you. The water moccasin bites you.
* * * LOW HITPOINT WARNING * * *
The ball python bites you but does no damage.
The ball python constricts you.
You closely miss the water moccasin.
The water moccasin is heavily wounded.
You die...

.$.#..##. .
.....#. ..
##.....
...##.....#
..........#
?.........## #
.......SS..#...#
.......♣........
#........#...##.
#...............
#........#......
##.......#...#..
.......#.. .## #
.......#.# ..
....#....# .#


You could see a water moccasin and a ball python.

Vanquished Creatures
  2 scorpions
  Natasha (thrice) (D:2)
  6 adders
  6 orcs (D:3)
  5 endoplasms
  2 giant cockroaches (D:3)
  2 goblins
  4 hobgoblins
  4 jackals (D:1)
  4 kobolds
  4 ball pythons
  9 bats
  6 frilled lizards
  8 rats
65 creatures vanquished.

Notes
Turn   | Place    | Note
-------+----------+-------------------------------------------
     0 | D:1      | Jarnaxa the Hill Orc Monk began the quest for the Orb.
     0 | D:1      | Reached XP level 1. HP: 19/19 MP: 1/1
    99 | D:1      | Reached XP level 2. HP: 18/27 MP: 2/2
   510 | D:1      | Reached XP level 3. HP: 30/33 MP: 3/3
   547 | D:1      | Reached skill level 4 in Long Blades
   745 | D:2      | Found a radiant altar of Vehumet.
   878 | D:2      | Noticed Natasha
   887 | D:2      | Killed Natasha
   888 | D:2      | Reached XP level 4. HP: 24/40 MP: 4/4
  1006 | D:2      | Reached skill level 1 in Armour
  1026 | D:2      | Noticed Natasha
  1039 | D:2      | Killed Natasha
  1040 | D:2      | Reached XP level 5. HP: 19/47 MP: 5/5
  1160 | D:2      | Reached skill level 5 in Long Blades
  1161 | D:2      | Noticed Natasha
  1172 | D:2      | Killed Natasha
  1706 | D:3      | Found The Oracle's Delphic Readings.
  1710 | D:3      | Bought a scroll of identify for 26 gold pieces
  1748 | D:3      | Reached XP level 6. HP: 47/53 MP: 6/6
  2147 | D:4      | Noticed a water moccasin
  2169 | D:4      | HP: 2/79 [poisoned by a water moccasin]
  2170 | D:4      | Succumbed to a water moccasin's poison

Illustrated notes

Levels and vault maps discovered:
D:1:      sevenhm_arrival_forest_fort_small_6, layout_rooms
D:2:      layout_basic, basic_altar, uniq_natasha
D:3:      layout_basic, nicolae_nh_oracle_at_delphi
D:4:      layout_cave_pools

Skill      XL: |  1  2  3  4  5 |
---------------+----------------+-----
Fighting       | 4 |  4.5
Long Blades    | 4 5 |  5.9
Armour         | 1 2 |  2.8
Dodging        | 3 |  3.1

Action                     |  1- 3 |  4- 6 || total
---------------------------+-------+-------++-------
  Melee: Falchion          |    76 |   115 ||   191
    Use: Scroll            |       |     8 ||     8
         Potion            |       |     5 ||     5
 Armour: Robe              |    10 |       ||    10
         Ring mail         |    31 |    60 ||    91
         Skin              |       |    13 ||    13
  Dodge: Dodged            |    69 |    82 ||   151
